 Dungeon Crawl Stone Soup version 0.27.1-34-g3ba077fa99 (webtiles) character file.

Game seed: 3261985362953465058

153 Renzlar the Shield-Bearer (level 5, -4/47 HPs)
             Began as a Gnoll Fighter on Jan 17, 2022.
             Was an Initiate of Okawaru.
             Succumbed to Duvessa's poison
             ... on level 3 of the Dungeon on Jan 20, 2022.
             The game lasted 00:10:28 (3392 turns).

Renzlar the Shield-Bearer (Gnoll Fighter)           Turns: 3392, Time: 00:10:29

Health: -4/47      AC:  7    Str: 16    XL:     5   Next: 35%
Magic:  7/7        EV:  8    Int:  7    God:    Okawaru [......]
Gold:   100        SH: 11    Dex: 12    Spells: 6/6 levels left

rFire    . . .     SeeInvis .   a - +1 war axe
rCold    . . .     Faith    .   h - +1 kite shield
rNeg     . . .     Spirit   .   b - +0 scale mail
rPois    .         Reflect  .   (no helmet)
rElec    .         Harm     .   (no cloak)
rCorr    .         Rampage  .   (no gloves)
Will     .....                  (no boots)
Stlth    ..........             (no amulet)
HPRegen  0.15/turn              (no ring)
MPRegen  0.10/turn              (no ring)

@: lethally poisoned (-4 -> -29)
A: fangs 1, strong nose, distributed training
a: Renounce Religion


You were on level 3 of the Dungeon.
You worshipped Okawaru.
Okawaru was noncommittal.
You visited 1 branch of the dungeon, and saw 4 of its levels.

You collected 100 gold pieces.

Inventory:

Hand Weapons
 a - a +1 war axe (weapon)
 c - a +0 hunting sling
 i - a +0 dagger of venom
Missiles
 f - 140 stones (quivered)
 j - 16 poisoned darts
 k - 36 sling bullets
Armour
 b - a +0 scale mail (worn)
 h - a +1 kite shield (worn)
Scrolls
 g - a scroll of enchant armour
Potions
 d - a potion of might
 l - a potion of degeneration {unknown}
 m - a potion of heal wounds
 n - 2 potions of curing {unknown}
 p - a potion of attraction {unknown}


   Skills:
 + Level 6.7 Fighting
 + Level 1.4 Short Blades
 + Level 1.4 Long Blades
 + Level 4.8 Axes
 + Level 1.4 Maces & Flails
 + Level 1.4 Polearms
 + Level 1.4 Staves
 + Level 1.4 Slings
 + Level 1.4 Bows
 + Level 1.4 Crossbows
 + Level 1.4 Throwing
 + Level 6.7 Armour
 + Level 1.4 Dodging
 + Level 1.4 Stealth
 + Level 6.7 Shields
 + Level 1.4 Unarmed Combat
 + Level 1.4 Spellcasting
 + Level 1.1 Conjurations
 + Level 1.1 Hexes
 + Level 1.1 Summonings
 + Level 1.1 Necromancy
 + Level 1.1 Translocations
 + Level 1.1 Transmutations
 + Level 1.1 Fire Magic
 + Level 1.1 Ice Magic
 + Level 1.1 Air Magic
 + Level 1.1 Earth Magic
 + Level 1.1 Poison Magic
 + Level 1.6 Invocations
 + Level 1.4 Evocations


You had 6 spell levels left.
You didn't know any spells.
Your spell library contained the following spells:

 Spells                   Type           Power      Damage    Failure   Level
 Foxfire                  Conj/Fire      8%         2x1d4     93%         1
 Static Discharge         Conj/Air       2%         N/A       98%         2
 Conjure Flame            Conj/Fire      2%         6-21      100%        3
 Inner Flame              Hex/Fire       2%         N/A       100%        3
 Lightning Bolt           Conj/Air       1%         1d12      100%        5
 Maxwell's Capacitive Co  Air            1%         ∞         100%        8


Dungeon Overview and Level Annotations

Branches:
Dungeon (4/15)
 Temple: D:4-7

Altars:
Okawaru
Trog

Annotations:
D:3 Dowan, Duvessa


Innate Abilities, Weirdness & Mutations

You have very sharp teeth.
Your uncanny sense of smell can sniff out nearby items.
Your experience applies equally to all skills.


Message History

You barely miss Duvessa. You block Duvessa's attack.
You hit Duvessa.
Duvessa is poisoned.
You bite Duvessa.
Duvessa is lightly wounded.
Duvessa says, "When magic and the sword combine, nothing stands against them."
You block Duvessa's attack.
Dowan casts a spell.
Dowan blinks!
You hit Duvessa but do no damage.
Duvessa looks as sick as possible!
Duvessa is lightly wounded.
Duvessa hits you but does no damage. You block Dowan's attack.
You closely miss Duvessa.
Duvessa is moderately wounded.
You block Duvessa's attack.
Dowan hits you with a +2 vampiric dagger.
Your shield and scale mail prevent you from hitting Duvessa.
Duvessa is moderately wounded.
You block Duvessa's attack. You block Dowan's attack.
Duvessa hits you with a +2 short sword of venom.
You are poisoned.
Unknown command.
Your +0 dagger of venom stops dripping with poison.
a - a +1 war axe (weapon)
You feel sick.
Dowan hits you with a +2 vampiric dagger.
You closely miss Duvessa.
Duvessa is heavily wounded.
You miss Dowan.
You feel sick.
Duvessa hits you with a +2 short sword of venom!
You are more poisoned.
Dowan hits you with a +2 vampiric dagger.
Duvessa hits you with a +2 short sword of venom.
* * * LOW HITPOINT WARNING * * *
You are more poisoned.
* * * LOW HITPOINT WARNING * * *
You feel extremely sick.
Dowan hits you with a +2 vampiric dagger.
* * * LOW HITPOINT WARNING * * *
You block Duvessa's attack.
You climb upwards.
You die...

##...................# #...
#)...##.......##.##.###...
#.#.####.....###.##.......
####
#................####.###.
#.>#######)############## #.#
#. #................# #.# ##
#.########.#####.# ##.## #
#.# #.# #.# ######.#.### ..#
#.# #@#####.....###... ..#
######.#####ee...#.####.#.###
.## #..............#.#.#
##..# .##
#.##.....########### ##.#
#.###.#.......###.#§§§# #.#
##.....#.....###..'§§§### #.#
#.###.###...## #..#§§§#.##
#.# .## ### ##.##
#.######?.####.# .#
#.#####..............###


You could see Duvessa (very poisoned) and Dowan.

Vanquished Creatures
  The ghost of bearfacebrad the Skirmisher, a weakling HuFi (D:3)
  A gnoll (D:3)
  An adder (D:3)
  3 dart slugs (D:1)
  4 orcs (D:3)
  8 bats
  6 endoplasms
  6 giant cockroaches
  10 goblins
  9 hobgoblins
  7 quokkas
  7 ball pythons
  2 frilled lizards
  4 kobolds
  A quokka zombie (D:3)
  7 rats
77 creatures vanquished.

Notes
Turn   | Place    | Note
-------+----------+-------------------------------------------
     0 | D:1      | Renzlar the Gnoll Fighter began the quest for the Orb.
     0 | D:1      | Reached XP level 1. HP: 23/23 MP: 1/1
   172 | D:1      | Reached XP level 2. HP: 29/29 MP: 2/2
   267 | D:1      | Found a faded altar of an unknown god.
   472 | D:1      | Reached XP level 3. HP: 33/35 MP: 3/3
  1173 | D:2      | Reached skill level 1 in Invocations
  1476 | D:2      | Reached skill level 1 in Short Blades
  1476 | D:2      | Reached skill level 1 in Long Blades
  1476 | D:2      | Reached skill level 1 in Maces & Flails
  1476 | D:2      | Reached skill level 1 in Polearms
  1476 | D:2      | Reached skill level 1 in Staves
  1476 | D:2      | Reached skill level 1 in Slings
  1476 | D:2      | Reached skill level 1 in Bows
  1476 | D:2      | Reached skill level 1 in Crossbows
  1476 | D:2      | Reached skill level 1 in Throwing
  1476 | D:2      | Reached skill level 1 in Dodging
  1476 | D:2      | Reached skill level 1 in Stealth
  1476 | D:2      | Reached skill level 1 in Unarmed Combat
  1476 | D:2      | Reached skill level 1 in Spellcasting
  1476 | D:2      | Reached skill level 1 in Evocations
  1815 | D:2      | Reached XP level 4. HP: 41/41 MP: 5/5
  2036 | D:3      | Found a runed translucent door.
  2040 | D:3      | Noticed bearfacebrad's ghost (weakling HuFi)
  2334 | D:3      | Reached skill level 1 in Conjurations
  2334 | D:3      | Reached skill level 1 in Hexes
  2334 | D:3      | Reached skill level 1 in Summonings
  2334 | D:3      | Reached skill level 1 in Necromancy
  2334 | D:3      | Reached skill level 1 in Translocations
  2334 | D:3      | Reached skill level 1 in Transmutations
  2334 | D:3      | Reached skill level 1 in Fire Magic
  2334 | D:3      | Reached skill level 1 in Ice Magic
  2334 | D:3      | Reached skill level 1 in Air Magic
  2334 | D:3      | Reached skill level 1 in Earth Magic
  2334 | D:3      | Reached skill level 1 in Poison Magic
  2756 | D:3      | Found a bloodstained altar of Trog.
  2756 | D:3      | Found an iron altar of Okawaru.
  2778 | D:3      | Became a worshipper of Warmaster Okawaru
  3000 | D:3      | Killed bearfacebrad's ghost
  3001 | D:3      | Reached XP level 5. HP: 43/47 MP: 5/7
  3059 | D:4      | Noticed Dowan
  3060 | D:4      | Noticed Duvessa
  3392 | D:3      | Succumbed to Duvessa's poison

Illustrated notes

Levels and vault maps discovered:
D:1:      matt_arrival_los_fun, layout_basic,
          hellmonk_ecumenical_altar_pennies_from_heaven
D:2:      layout_basic, minmay_goblin_outpost
D:3:      layout_loops_ring, grunt_temple_overflow_bloody_war,
          ebering_ghost_inner_flame, dk_vineyard_2
D:4:      layout_cave_pods, mainiacjoe_overflow_chevrons, uniq_duvessa

Skill      XL: |  1  2  3  4 |
---------------+-------------+-----
Invocations    | 1 |  1.6
Short Blades   | 1 |  1.4
Long Blades    | 1 |  1.4
Maces & Flails | 1 |  1.4
Polearms       | 1 |  1.4
Staves         | 1 |  1.4
Slings         | 1 |  1.4
Bows           | 1 |  1.4
Crossbows      | 1 |  1.4
Throwing       | 1 |  1.4
Dodging        | 1 |  1.4
Stealth        | 1 |  1.4
Unarmed Combat | 1 |  1.4
Spellcasting   | 1 |  1.4
Evocations     | 1 |  1.4
Conjurations   | 1 |  1.1
Hexes          | 1 |  1.1
Summonings     | 1 |  1.1
Necromancy     | 1 |  1.1
Translocations | 1 |  1.1
Transmutations | 1 |  1.1
Fire Magic     | 1 |  1.1
Ice Magic      | 1 |  1.1
Air Magic      | 1 |  1.1
Earth Magic    | 1 |  1.1
Poison Magic   | 1 |  1.1
Fighting       | |  6.7
Axes           | |  4.8
Armour         | |  6.7
Shields        | |  6.7

Action                   |  1- 3 |  4- 6 || total
-------------------------+-------+-------++-------
Melee: War axe           |   108 |    30 ||   138
       Bite              |    10 |     4 ||    14
       Dagger            |       |    27 ||    27
 Fire: Hunting sling     |    27 |    65 ||    92
Throw: Stone             |     3 |       ||     3
  Use: Scroll            |       |     6 ||     6
       Potion            |       |     1 ||     1
Armor: Scale mail        |    40 |    25 ||    65
Dodge: Dodged            |    40 |    23 ||    63
Block: Kite shield       |    60 |    33 ||    93
